 Dungeon Crawl Stone Soup version 0.29-a0-409-gd843f3a48c (webtiles) character file.

Game seed: 6282095114177440103

268 zeratav the Digger (level 6, -1/36 HPs)
             Began as an Octopode Earth Elementalist on May 15, 2022.
             Slain by a steam dragon (4 damage)
             ... on level 4 of the Dungeon.
             The game lasted 00:07:54 (3115 turns).

zeratav the Digger (Octopode Earth Elementalist)    Turns: 3115, Time: 00:07:54

Health: -1/36      AC:  1    Str:  8    XL:     6   Next: 21%
Magic:  5/11       EV: 13    Int: 19    God:
Gold:   108        SH:  0    Dex: 17    Spells: 8/12 levels left

rFire   . . .      SeeInvis .   b - +7 hand axe "Mace" {vorpal, rN+ Dex+5, axe}
rCold   . . .      Faith    .   (no shield)
rNeg    + . .      Spirit   .   (helmet restricted)
rPois   .          Reflect  .   (no amulet)
rElec   .          Harm     .   q - ring of wizardry
rCorr   .          Rampage  .   (no ring)
Will    .....                   (no ring)
Stlth   +++.......              (no ring)
HPRegen 0.12/turn               (no ring)
MPRegen 0.12/turn               (no ring)
                                (no ring)
                                (no ring)

@: no status effects
A: almost no armour, amphibious, 8 rings, camouflage 1, gelatinous body 1,
(nimble swimmer 1), tentacles
a: no special abilities


You were on level 4 of the Dungeon.
You visited 1 branch of the dungeon, and saw 5 of its levels.

You collected 108 gold pieces.


Innate Abilities, Weirdness & Mutations

You cannot wear most types of armour.
You are amphibious.
You can wear up to eight rings at the same time.
Your skin changes colour to match your surroundings (Stealth+).
Your rubbery body absorbs attacks. (AC +1, EV +1)
((You are camouflaged when in or above water. (Stealth+)))
You have tentacles for arms and can constrict up to eight enemies at once.


   Skills:
 - Level 2.0 Dodging
 - Level 2.6 Stealth
 + Level 3.6 Spellcasting
 - Level 1.0 Transmutations
 * Level 5.8 Earth Magic


You had 8 spell levels left.
You knew the following spells:

 Your Spells              Type           Power      Damage    Failure   Level
a - Sandblast             Erth           50%        2d12      1%          1
b - Stone Arrow           Conj/Erth      28%        3d8       5%          3

Your spell library contained the following spells:

 Spells                   Type           Power      Damage    Failure   Level
 Passwall                 Tmut/Erth      13%        N/A       2%          2
 Corpse Rot               Necr/Air       6%         N/A       9%          2
 Poisonous Vapours        Pois/Air       6%         N/A       9%          2
 Petrify                  Tmut/Erth      16%        N/A       14%         4

Inventory:

Hand Weapons
 b - the +7 hand axe "Mace" (weapon) {vorpal, rN+ Dex+5, axe}
   (You found it on level 5 of the Dungeon)

   It inflicts extra damage upon your enemies.
   Dex:       It affects your dexterity (+5).
   rN:        It protects you from negative energy.
Missiles
 a - 90 stones {throwing}
Jewellery
 q - a ring of wizardry (left tentacle)
   (You found it on level 3 of the Dungeon)
Scrolls
 d - 6 scrolls of identify {unknown}
 e - a scroll of summoning {unknown}
 f - a scroll of immolation {unknown}
 g - 4 scrolls of teleportation {unknown}
 h - a scroll of poison {unknown}
 j - a scroll of amnesia {unknown}
 m - a scroll of noise {unknown}
 o - a scroll of fog {unknown}
 p - 2 scrolls of enchant weapon {unknown}
Potions
 i - a potion of degeneration {unknown}
 k - a potion of might {unknown}
 l - a potion of berserk rage {unknown}
 n - a potion of flight {unknown}
 r - a potion of curing {unknown}
 s - a potion of haste {unknown}

Dungeon Overview and Level Annotations

Branches:
Dungeon (5/15)
 Temple: D:4-7

Altars:

.#. .D. #=#
#.#####.###.#
#......§....#
#§# #.#
..#######.#
.......@D.#
..#######.#
#.# #.# #.#
#.# #.# ..


You could see a steam dragon.


Message History

MP[-1]
You lost 1 mp, and now have 10/11 mp.
Casting: Sandblast (safe; 1% risk of failure)
Confirm with . or Enter, or press ? or * to list all spells.
Aiming: Sandblast (safe; 1% risk of failure)
Press: ? - help, Shift-Dir - straight line, f/p - orc
Aim: an orc, wielding a +0 falchion and wearing a +0 chain mail (86% to hit)
The blast of sand misses the orc.
The ufetubus shouts!
You hear a shout!
The orc closely misses you.
MP[-1]
You lost 1 mp, and now have 9/11 mp.
Casting: Sandblast (safe; 1% risk of failure)
Confirm with . or Enter, or press ? or * to list all spells.
Aiming: Sandblast (safe; 1% risk of failure)
Press: ? - help, Shift-Dir - straight line, f/p - orc
Aim: an orc, wielding a +0 falchion and wearing a +0 chain mail (86% to hit)
The blast of sand hits the orc.
The orc misses you.
MP[-1]
You lost 1 mp, and now have 8/11 mp.
Casting: Sandblast (safe; 1% risk of failure)
Confirm with . or Enter, or press ? or * to list all spells.
Aiming: Sandblast (safe; 1% risk of failure)
Press: ? - help, Shift-Dir - straight line, f/p - orc
Aim: an orc, wielding a +0 falchion and wearing a +0 chain mail (heavily wounded, 86% to hit)
The blast of sand hits the orc but does no damage.
The ogre shouts!
The orc misses you.
MP[-1]
You lost 1 mp, and now have 7/11 mp.
Casting: Sandblast (safe; 1% risk of failure)
Confirm with . or Enter, or press ? or * to list all spells.
Aiming: Sandblast (safe; 1% risk of failure)
Press: ? - help, Shift-Dir - straight line, f/p - orc
Aim: an orc, wielding a +0 falchion and wearing a +0 chain mail (moderately wounded, 86% to hit)
The blast of sand hits the orc!
You kill the orc!
MP[-1]
You lost 1 mp, and now have 6/11 mp.
Casting: Sandblast (safe; 1% risk of failure)
Confirm with . or Enter, or press ? or * to list all spells.
Aiming: Sandblast (safe; 1% risk of failure)
Press: ? - help, Shift-Dir - straight line, f - ufetubus
Aim: an ufetubus (68% to hit)
The blast of sand hits the ufetubus!
You kill the ufetubus!
MP[-1]
You lost 1 mp, and now have 5/11 mp.
Casting: Sandblast (safe; 1% risk of failure)
Confirm with . or Enter, or press ? or * to list all spells.
You can't see any susceptible monsters within range! (Use Z to cast anyway.) MP[+1]
You see here a scorpion corpse.
There is an open door here.
MP[+1]
There is a stone staircase leading down here.
There is a stone staircase leading up here.
MP[+1]
You climb upwards.
There is a stone staircase leading down here.
You feel agile.
b - the +7 hand axe "Mace" (weapon)
{vorpal, rN+ Dex+5, axe} You drop a +0 mace {mace}.
You start resting.
MP[+3]
Your mp is fully restored (11).
The steam dragon hisses angrily.
The steam dragon breathes steam at you. The ball of steam hits you!!
Ouch! That really hurt!
* * * LOW HITPOINT WARNING * * *
HP[-21]
You take 21 damage, and now have 15/36 hp.
MASSIVE DAMAGE!! (PAUSE)
You are engulfed in a cloud of scalding steam.
* * * LOW HITPOINT WARNING * * *
HP[-5]
You take 5 damage, and now have 10/36 hp.
You are engulfed in a cloud of scalding steam.
* * * LOW HITPOINT WARNING * * *
HP[-7]
You take 7 damage, and now have 3/36 hp.
You see here a +0 mace {mace}.
You start resting.
A steam dragon is nearby!
Casting: Sandblast (safe; 1% risk of failure)
Confirm with . or Enter, or press ? or * to list all spells.
Aiming: Stone Arrow (dangerous; 5% risk of failure)
Press: ? - help, Shift-Dir - straight line, f - steam dragon
Aim: a steam dragon (68% to hit)
The stone arrow misses the steam dragon.
MP[-3]
You lost 3 mp, and now have 8/11 mp.
Casting: Stone Arrow (dangerous; 5% risk of failure)
Confirm with . or Enter, or press ? or * to list all spells.
Aiming: Stone Arrow (dangerous; 5% risk of failure)
Press: ? - help, Shift-Dir - straight line, f/p - steam dragon
Aim: a steam dragon (68% to hit)
The stone arrow hits the steam dragon!
The steam dragon bites you.
You die...

Skill      XL: |  1  2  3  4  5 |
---------------+----------------+-----
Earth Magic    | 4 5 |  5.8
Spellcasting   | 3 |  3.6
Dodging        | |  2.0
Stealth        | |  2.6
Transmutations | |  1.0

Action                   |  1- 3 |  4- 6 || total
-------------------------+-------+-------++-------
Melee: Tentacles         |    13 |       ||    13
       Mace              |    52 |       ||    52
       Constrict         |    17 |       ||    17
       Unarmed           |     1 |       ||     1
       Punch             |     1 |       ||     1
 Cast: Sandblast         |    15 |    35 ||    50
       Stone Arrow       |       |     4 ||     4
  Use: Potion            |       |     1 ||     1
 Stab: Sleeping          |     7 |       ||     7
Armor: Skin              |     5 |       ||     5
Dodge: Dodged            |    39 |    12 ||    51

Levels and vault maps discovered:
D:1:      nzn_arrival_water_spiral, layout_loops_ring, basic_ecumenical_altar,
          serial_bayou, serial_bayou_pond_e, serial_bayou_pond_c,
          serial_bayou_pond_d, serial_bayou_pond_b, minmay_cupped
D:2:      layout_basic
D:3:      layout_basic, bloody_trog, minmay_box_of_dots, uniq_grinder
D:4:      layout_loops_ring, okawaru_gym_becter, gammafunk_ghost_arena,
          minmay_bent, uniq_ijyb
D:5:      layout_basic, hex_tiny

Notes
Turn   | Place    | Note
-------+----------+-------------------------------------------
     0 | D:1      | zeratav the Octopode Earth Elementalist began the quest for
                  | the Orb.
     0 | D:1      | Reached XP level 1. HP: 11/11 MP: 3/3
     0 | D:1      | magus.rc [v1.9.6]
   216 | D:1      | You pick up a book of Vapours and begin reading...
   216 | D:1      | You add the spells Poisonous Vapours and Corpse Rot to your
                  | library.
   234 | D:1      | Reached XP level 2. HP: 13/17 MP: 0/5
   815 | D:1      | Reached XP level 3. HP: 21/21 MP: 6/6
  1103 | D:1      | Reached skill level 4 in Earth Magic
  1219 | D:1      | Found a faded altar of an unknown god.
  2349 | D:3      | Reached XP level 4. HP: 27/27 MP: 5/8
  2569 | D:3      | You fall into a shaft and drop 2 floors!
  2569 | D:5      | Entered Level 5 of the Dungeon
  2577 | D:5      | Learned a level 3 spell: Stone Arrow
  2590 | D:5      | Noticed a necrophage
  2596 | D:5      | Killed a necrophage
  2597 | D:5      | Reached skill level 3 in Spellcasting
  2597 | D:5      | Reached XP level 5. HP: 31/31 MP: 7/9
  2600 | D:5      | Reached skill level 5 in Earth Magic
  2936 | D:5      | Reached XP level 6. HP: 31/36 MP: 5/11
  3051 | D:5      | Identified the +7 hand axe "Mace" {vorpal, rN+ Dex+5}
  3080 | D:4      | Noticed a steam dragon
  3109 | D:4      | HP: 2/36 [something] (8)]
  3115 | D:4      | Slain by a steam dragon

Vanquished Creatures
  A scorpion (D:5)
  A necrophage (D:5)
  A hound (D:5)
  An iguana (D:5)
  2 adders
  An ufetubus (D:5)
  2 worms
  2 dart slugs (D:1)
  6 orcs (D:5)
  4 endoplasms
  5 goblins
  5 hobgoblins
  4 jackals
  3 kobolds (D:1)
  A quokka (D:1)
  6 ball pythons
  5 bats
  3 frilled lizards
  2 rats
55 creatures vanquished.

Table legend:
 A = Non-vault XP
 B = Vault XP
 C = Vault XP percentage of total XP
 D = Non-vault monster count
 E = Vault monster count
 F = Vault count percentage of total count
                 A         B        C        D         E       F
            +---------+---------+-------+---------+---------+-------
      Total |     374 |      10 |   2.6 |      50 |       5 |   9.1
            +---------+---------+-------+---------+---------+-------
        D:1 |      42 |      10 |  19.2 |      23 |       5 |  17.9
        D:2 |      21 |       0 |   0.0 |      12 |       0 |   0.0
        D:3 |      19 |       0 |   0.0 |       2 |       0 |   0.0
        D:5 |     292 |       0 |   0.0 |      13 |       0 |   0.0
            +---------+---------+-------+---------+---------+-------

Illustrated notes

Table legend:
 A = Kills in this place as a percentage of kills in entire the game.
 B = Kills by you in this place as a percentage of kills by you in the entire game.
 C = Kills by friends in this place as a percentage of kills by friends in the entire game.
 D = Other kills in this place as a percentage of other kills in the entire game.
 E = Experience gained in this place as a percentage of experience gained in the entire game.
 F = Experience gained in this place divided by the number of levels of this place that you have seen.
                   A       B       C       D       E      F
               +-------+-------+-------+-------+-------+----------------------
         Total | 100.0 | 100.0 |   N/A |   N/A | 100.0 |  76.8
       Dungeon | 100.0 | 100.0 |   N/A |   N/A | 100.0 |  76.8
               +-------+-------+-------+-------+-------+----------------------

Table legend: (Time is in decaauts)
 A = Elapsed time spent in this place.
 B = Non-inter-level travel time spent in this place.
 C = Inter-level travel time spent in this place.
 D = Time resting spent in this place.
 E = Time spent auto-exploring this place.
 F = Levels seen in this place.
 G = Mean time per level.
                   A        B        C        D        E       F      G
               +--------+--------+--------+--------+--------+-----+--------+
         Total |   3132 |   2994 |    138 |    431 |   2214 |   5 |  626.4 |
       Dungeon |   3132 |   2994 |    138 |    431 |   2214 |   5 |  626.4 |
               +--------+--------+--------+--------+--------+-----+--------+

Top non-repeatable levels by time:
     D:1: 1472 daAuts
     D:2: 830 daAuts
     D:5: 510 daAuts
     D:3: 284 daAuts
     D:4: 34 daAuts
